AoeStats
← paleshady

MegaRandom

510026188Analyzed
3v3 RM · 2d ago on Sep 29, 2026· 65m 29s· 6 players
Game mode
Random Map
Map size
Normal (6 player)
Population
200
Speed
Normal
Resources
Standard
Victory
Conquest
Starting age
Dark Age
Ending age
Imperial Age
RankedLock teamsTeams togetherTeam positionsShared explorationLock speedFull tech treeHidden civsTurbo modeCheats
Victory
Defeat
🇺🇸 Bohemians · United States
864
+15
🇲🇽 Franks · Mexico
833
+17
🇮🇩 Hindustanis · Indonesia
832
+17
🇿🇦 Varangians · South Africa
955
-53
🇺🇸 Bulgarians · United States
861
-17
🇺🇸 Varangians · United States
729
-18
GabrielLeal16
14:07 Loom
18:23 Feudal Age
22:02 Wheelbarrow
23:56 Town Watch
40:36 Castle Age
42:07 Husbandry
45:51 Double-Bit Axe
45:48 Horse Collar
46:47 Pikeman
47:28 Squires
49:32 Hand Cart
51:51 Imperial Age
50:02 Bow Saw
58:19 Heavy Plow
59:44 Two-Man Saw
61:02 Town Patrol
Miyu.
13:38 Feudal Age
11:57 Loom
15:03 Man-at-Arms
19:14 Gold Mining
19:16 Stone Mining
21:01 Horse Collar
21:08 Double-Bit Axe
23:45 Forging
26:28 Castle Age
26:07 Scale Mail Armor
25:58 Fletching
28:25 Husbandry
33:52 Husbandry
34:03 Bloodlines
34:41 Grand Trunk Road
37:19 Scale Barding Armor
37:51 Iron Casting
40:15 Chain Mail Armor
43:25 Wheelbarrow
43:15 Ballistics
42:51 Murder Holes
45:50 Bodkin Arrow
46:15 Hand Cart
50:31 Imperial Age
52:09 Elite Ghulam
53:19 Conscription
54:07 Heavy Camel Rider
56:34 Imperial Camel Rider
58:32 Bow Saw
58:25 Heavy Plow
59:04 Gold Shaft Mining
63:54 Chemistry
65:07 Blast Furnace
64:28 Chain Barding Armor
gabmtzf23
11:52 Loom
18:33 Feudal Age
26:15 Castle Age
25:04 Gold Mining
25:49 Double-Bit Axe
28:06 Forging
29:23 Wheelbarrow
28:57 Man-at-Arms
30:49 Scale Mail Armor
30:56 Scale Barding Armor
31:01 Husbandry
31:07 Town Watch
32:03 Stone Mining
33:55 Town Watch
34:27 Hand Cart
38:59 Light Cavalry
41:13 Gold Shaft Mining
56:09 Imperial Age
54:43 Iron Casting
56:31 Chain Barding Armor
57:36 Town Patrol
58:31 Capped Ram
58:41 Cavalier
65:40 Blast Furnace
65:16 Plate Barding Armor
Marshn
20:56 Feudal Age
21:32 Man-at-Arms
22:46 Horse Collar
28:47 Loom
31:19 Wheelbarrow
30:34 Double-Bit Axe
33:22 Castle Age
37:55 Wheelbarrow
44:38 Stone Mining
44:45 Gold Mining
50:10 Imperial Age
48:38 Wheelbarrow
50:28 Hand Cart
50:36 Bloodlines
50:28 Murder Holes
52:22 Stone Shaft Mining
53:25 Husbandry
53:33 Scale Barding Armor
54:52 Caravan
59:11 Chain Barding Armor
Sh9rk_
19:22 Feudal Age
21:55 Forging
21:46 Scale Mail Armor
23:00 Horse Collar
26:22 Double-Bit Axe
30:18 Castle Age
32:45 Pikeman
33:26 Squires
35:15 Stone Mining
35:48 Fletching
35:48 Loom
42:25 Heavy Plow
45:29 Arson
46:34 Chain Mail Armor
46:25 Scale Barding Armor
46:36 Murder Holes
49:53 Ballistics
50:41 Gambesons
paleshady
3:47 Loom
13:52 Feudal Age
14:04 Man-at-Arms
15:13 Horse Collar
19:29 Arson
22:36 Castle Age
20:40 Scale Mail Armor
23:43 Wheelbarrow
23:57 Chain Mail Armor
31:12 Heavy Plow
34:05 Scale Barding Armor
34:11 Forging
34:53 Bloodlines
34:50 Husbandry
36:05 Iron Casting
39:41 Chain Barding Armor
39:56 Pikeman
42:01 Gambesons
54:15 Imperial Age
56:50 Elite Jarl
61:08 Elite Varangian Guard
63:17 Halberdier
Connection lost

Rejoining the realm…

Still unreachable

The connection could not be restored.

Session expired

The server has moved on; the page needs a fresh start.